Map: Scythe of Amon

Players

tambykojak

  • Race: Protoss Protoss
  • League: Master
  • Spawn Location: 5:00

Ravage

  • Race: Protoss Protoss
  • Spawn Location: 5:00

VOD

Have the link to the VOD?

Description

Time

  • Played on: Nov. 26, 2019, 11:34 a.m.
  • Length: 16:49
Show
View Real Time Build Order
Export as new Build Order

tambykojak Protoss 

Build Orders:  

Get SALT Encoding   

  12  0:00  Probe (Chrono Boost)  
  13  0:12  Probe (Chrono Boost)  
  14  0:24  Probe (Chrono Boost)  
  15  0:36  Probe (Chrono Boost)  
  16  0:49  Xel'Naga Passageway, Probe (Chrono Boost)  
  17  1:01  Probe (Chrono Boost)  
  18  1:13  Probe (Chrono Boost)  
  19  1:25  Probe (Chrono Boost)  
  20  1:37  Probe (Chrono Boost)  
  21  1:49  Xel'Naga Ambusher  
  21  1:51  Probe (Chrono Boost)  
  24  2:08  Xel'Naga Ambusher  
  26  2:20  Core Forge  
  26  2:36  Xel'Naga Ambusher  
  28  3:09  Probe (Chrono Boost)  
  29  3:31  Tesseract Cannon  
  29  3:33  Tesseract Cannon  
  29  3:41  Probe (Chrono Boost)  
  30  3:56  Probe (Chrono Boost)  
  31  5:30  Serdath Legion  
  34  5:43  Probe (Chrono Boost)  
  35  5:51  Tesseract Cannon  
  35  5:54  Tesseract Cannon  
  35  5:55  Tesseract Cannon  
  35  5:56  Tesseract Cannon  
  35  5:58  Probe (Chrono Boost)  
  36  6:13  Probe (Chrono Boost)  
  37  6:28  Probe (Chrono Boost)  
  38  6:42  Probe (Chrono Boost)  
  36  7:58  Serdath Legion  
  40  9:37  Tesseract Cannon  
  40  9:39  Tesseract Cannon  
  40  9:40  Tesseract Cannon  
  40  9:41  Tesseract Cannon  
  40  9:42  Tesseract Cannon  
  40  9:43  Tesseract Cannon  
  40  9:45  Tesseract Cannon x2  
  40  9:48  Tesseract Cannon  
  40  10:13  Probe (Chrono Boost)  
  34  11:17  Ancient Nexus  
  34  11:37  Probe (Chrono Boost)  
  35  11:51  Probe (Chrono Boost)  
  35  11:55  Tesseract Cannon x2  
  35  11:58  Tesseract Cannon  
  36  12:00  Tesseract Cannon  
  36  12:06  Probe (Chrono Boost)  
  37  12:21  Probe (Chrono Boost)  
  36  13:30  Probe (Chrono Boost)  
  36  13:31  Probe (Chrono Boost)  
  36  13:38  Tesseract Cannon x2  
  37  13:41  Tesseract Cannon  
  37  13:42  Tesseract Cannon  
  37  13:44  Tesseract Cannon  
  37  13:45  Probe (Chrono Boost)  
  37  13:46  Tesseract Cannon, Probe (Chrono Boost)  
  41  14:00  Probe (Chrono Boost)  
  41  14:01  Probe (Chrono Boost)  
  42  14:14  Serdath Legion  
Show
View Real Time Build Order
Export as new Build Order

Ravage Protoss 

Build Orders:  

Get SALT Encoding   

  12  0:01  Probe (Chrono Boost)  
  13  0:13  Probe (Chrono Boost)  
  14  0:29  Pylon, Probe (Chrono Boost)  
  15  0:43  Probe (Chrono Boost)  
  15  0:44  Assimilator  
  16  0:55  Probe (Chrono Boost)  
  17  1:08  Forge  
  17  1:15  Assimilator  
  17  1:17  Probe (Chrono Boost)  
  18  1:33  Probe (Chrono Boost)  
  18  1:36  Pylon  
  19  1:45  Probe (Chrono Boost)  
  20  1:55  Enhanced Targeting  
  20  1:58  Probe (Chrono Boost)  
  21  2:15  Probe (Chrono Boost)  
  22  2:29  Probe (Chrono Boost)  
  23  2:44  Probe (Chrono Boost)  
  24  2:59  Probe (Chrono Boost)  
  25  3:10  Photon Cannon  
  25  3:13  Probe (Chrono Boost), Photon Cannon  
  26  3:28  Probe (Chrono Boost)  
  27  3:33  Solar Efficiency Level 1  
  27  3:51  Probe (Chrono Boost)  
  28  4:06  Pylon  
  28  4:10  Gateway  
  28  4:13  Probe (Chrono Boost)  
  28  4:14  Optimized Ordinance  
  29  4:48  Pylon  
  29  4:52  Photon Cannon  
  29  4:53  Photon Cannon  
  29  5:07  Photon Cannon  
  29  5:35  Protoss Shields Level 1  
  29  5:40  Pylon  
  29  5:45  Photon Cannon  
  29  5:54  Photon Cannon  
  29  6:01  Photon Cannon  
  29  6:16  Cybernetics Core  
  29  6:49  Pylon  
  29  6:52  Photon Cannon  
  29  6:55  Photon Cannon  
  29  6:58  Photon Cannon  
  29  7:13  Photon Cannon  
  29  7:24  Pylon  
  29  7:34  Photon Cannon  
  29  7:42  Advanced Repair Systems  
  29  7:46  Photon Cannon  
  29  8:01  Photon Cannon  
  29  8:03  Fortification Barrier  
  29  8:04  Warp Gate  
  29  8:11  Photon Cannon  
  29  8:38  Twilight Council  
  29  8:44  Probe (Chrono Boost)  
  29  8:47  Probe (Chrono Boost)  
  29  8:51  Probe (Chrono Boost)  
  32  9:21  Pylon  
  32  9:22  Photon Cannon  
  32  9:34  Photon Cannon  
  32  9:56  Protoss Shields Level 2  
  32  10:20  Nexus  
  32  10:31  Pylon  
  32  10:38  Photon Cannon  
  32  10:41  Photon Cannon  
  32  10:57  Probe (Chrono Boost)  
  33  11:05  Shield Battery  
  33  11:12  Rapid Recharging, Shield Battery  
  33  11:26  Solar Flare  
  33  11:39  Protoss Shields Level 3  
  33  11:43  Probe (Chrono Boost)  
  34  12:04  Probe (Chrono Boost)  
  34  12:06  Phase Detonation  
  34  12:08  Probe (Chrono Boost)  
  35  12:19  Probe (Chrono Boost)  
  37  12:34  Probe (Chrono Boost)  
  37  12:37  Pylon  
  38  12:44  Photon Cannon  
  38  12:49  Photon Cannon  
  38  13:22  Probe (Chrono Boost)  
  38  13:24  Probe (Chrono Boost)  
  38  13:27  Probe (Chrono Boost)  
  38  13:37  Probe (Chrono Boost)  
  38  13:38  Assimilator  
  41  13:43  Assimilator  
  41  13:49  Probe (Chrono Boost)  
  41  13:51  Solar Efficiency Level 2  
  42  14:01  Probe (Chrono Boost)  
  43  14:19  Probe (Chrono Boost)  
  44  14:31  Probe (Chrono Boost)  
  44  14:34  Probe (Chrono Boost)  
  46  14:43  Probe (Chrono Boost)  
  46  14:46  Pylon  
  46  14:48  Probe (Chrono Boost)  
  46  14:49  Robotics Facility  
  48  14:55  Probe (Chrono Boost)  
  49  15:04  Photon Cannon  
  49  15:06  Photon Cannon  
  49  15:07  Probe (Chrono Boost)  
  48  15:18  Photon Cannon  
  48  15:19  Probe (Chrono Boost)  
  49  15:30  Photon Cannon x2  
  49  15:31  Probe (Chrono Boost), Photon Cannon  
  50  15:43  Probe (Chrono Boost)  
  51  15:55  Probe (Chrono Boost)  
  52  16:05  Pylon  
  52  16:07  Photon Cannon  
  52  16:09  Photon Cannon  
  52  16:10  Photon Cannon  
  52  16:13  Photon Cannon  
  52  16:15  Pylon  
  52  16:17  Photon Cannon  
  52  16:19  Photon Cannon  
Tags
 
Commander
KaraxZeratul
League
Master
Matchup
Co-op
Add a new tag
Caveats
  • Supply blocks, unpowered buildings, or Contaminate may cause inaccurate times.
  • Supply counts are checked every 10 seconds.